[Event "94th Paris-ch  2019"]
[Site "Paris"]
[Date "2019.07.08"]
[Round "3.5"]
[White "Verstraeten, Rein"]
[Black "Shchekachev, Andrei"]
[Result "0-1"]
[ECO "A43"]
[WhiteElo "2376"]
[BlackElo "2531"]
[Annotator "RC"]
[PlyCount "106"]
[EventDate "2019.07.07"]
[EventType "swiss"]
[EventCountry "FRA"]
[SourceTitle "playchess.com"]
[Source "ChessBase"]
[SourceQuality "1"]
[TimeControl "5400+30"]

1. d4 g6 2. c4 Bg7 3. Nc3 c5 4. d5 d6 5. e4 e6 6. Bd3 Ne7 7. Nge2 O-O 8. O-O exd5 9. exd5 Nd7 10. Ng3 Ne5 11. f4 Nxd3 12. Qxd3 Nf5 13. Nge4 Nd4 14. b3 b5 15. cxb5 a6 16. b6 Qxb6 17. Kh1 a5 18. Qd2 Bf5 19. Bb2 a4 20. bxa4 Rfb8 21. Rf2 Bxe4 22. Nxe4 Rxa4 23. Ng3 Qa6 24. Bc3 h5 25. Re1 Qc4 26. f5 Nxf5 27. Nxf5 Qxc3 28. Ne7+ Kh8 29. Qxc3 Bxc3 30. Ref1 Kg7 31. Rxf7+ Kh6 32. h3 Re8 33. R1f2 Bd4 34. Re2 Be5 35. Nc6 c4 36. Nxe5 Rxe5 37. Rxe5 dxe5 38. d6 Rxa2 39. Re7 c3 40. Rc7 Rd2 41. Rxc3 Rxd6 42. h4 Kg7 43. Kh2 Kf6 44. Rf3+ Ke6 45. Kg3 Rd4 46. Rf8 Kd5 47. Kf3 Rxh4 48. Rd8+ Ke6 49. Re8+ Kf6 50. g3 Ra4 51. Rf8+ Kg5 52. Re8 Ra3+ 53. Kf2 Kg4 0-1

[Event "94th Paris-ch  2019"]
[Site "Paris"]
[Date "2019.07.08"]
[Round "3.6"]
[White "Flom, Gabriel"]
[Black "Fitzsimons, David"]
[Result "1-0"]
[ECO "E52"]
[WhiteElo "2494"]
[BlackElo "2301"]
[Annotator "ChessBase"]
[PlyCount "103"]
[EventDate "2019.07.07"]
[EventType "swiss"]
[EventCountry "FRA"]
[SourceTitle "playchess.com"]
[Source "ChessBase"]
[SourceQuality "1"]
[TimeControl "5400+30"]

1. d4 Nf6 2. c4 e6 3. Nc3 Bb4 4. e3 O-O 5. Bd3 d5 6. Nf3 b6 7. cxd5 exd5 8. O-O Ba6 9. Bxa6 Nxa6 10. Qa4 Qc8 11. Bd2 Re8 12. Rac1 Qb7 13. a3 Bxc3 14. Bxc3 Ne4 15. b4 c5 16. bxc5 bxc5 17. dxc5 Naxc5 18. Qd4 Ne6 19. Qe5 Qb3 20. Nd4 Nxd4 21. Qxd4 Nf6 22. Qd1 Qxd1 23. Rfxd1 Rac8 24. Bxf6 Rxc1 25. Rxc1 gxf6 26. Kf1 Re4 27. Rc3 Ra4 28. Rd3 Kg7 29. Ke2 Kg6 30. Kd2 f5 31. g3 Kg5 32. f3 Kf6 33. Kc2 Ke6 34. Kb3 Ra6 35. Rd4 Ke5 36. Ra4 Rb6+ 37. Kc3 a6 38. Rb4 Rc6+ 39. Kd3 f6 40. Rb7 h5 41. a4 Kd6 42. h4 Rc1 43. Rb6+ Ke7 44. Rxa6 Rg1 45. Ra7+ Kf8 46. a5 Rxg3 47. a6 Rxf3 48. Rb7 f4 49. a7 Rxe3+ 50. Kd2 Ra3 51. Rb8+ Kf7 52. a8=Q 1-0

[Event "94th Paris-ch  2019"]
[Site "Paris"]
[Date "2019.07.08"]
[Round "3.9"]
[White "Le Quang, Kim"]
[Black "Bonte, Andrei-Mihai"]
[Result "0-1"]
[ECO "A29"]
[WhiteElo "2243"]
[BlackElo "2337"]
[Annotator "NA"]
[PlyCount "62"]
[EventDate "2019.07.07"]
[EventType "swiss"]
[EventCountry "FRA"]
[SourceTitle "playchess.com"]
[Source "ChessBase"]
[SourceQuality "1"]
[TimeControl "5400+30"]

1. c4 Nf6 2. Nc3 e5 3. g3 d5 4. cxd5 Nxd5 5. Bg2 Nb6 6. Nf3 Nc6 7. O-O Be7 8. a3 Be6 9. d3 g5 10. b4 g4 11. Nd2 h5 12. Bb2 h4 13. Rc1 hxg3 14. hxg3 a6 15. Na4 Bd5 16. e4 Nxa4 17. Qxa4 Be6 18. Qc2 Bg5 19. Rb1 Nd4 20. Bxd4 Qxd4 21. Nb3 Bxb3 22. Rxb3 c6 23. Rd1 Bd8 24. b5 axb5 25. Rb4 Qd6 26. d4 Rxa3 27. Rbb1 Bb6 28. d5 Rxg3 29. Kf1 Qf6 30. Ra1 Rxg2 31. Ra8+ Ke7 0-1

[Event "94th Paris-ch  2019"]
[Site "Paris"]
[Date "2019.07.08"]
[Round "3.10"]
[White "Sanchez, Louis"]
[Black "Hingouet, Matthieu"]
[Result "1-0"]
[ECO "A46"]
[WhiteElo "2316"]
[BlackElo "2245"]
[Annotator "NA"]
[PlyCount "79"]
[EventDate "2019.07.07"]
[EventType "swiss"]
[EventCountry "FRA"]
[SourceTitle "playchess.com"]
[Source "ChessBase"]
[SourceQuality "1"]
[TimeControl "5400+30"]

1. Nf3 Nf6 2. g3 e6 3. Bg2 d5 4. d4 b5 5. O-O Bb7 6. a4 b4 7. c4 dxc4 8. Nbd2 c3 9. bxc3 bxc3 10. Nc4 Be7 11. Qb3 Be4 12. Qxc3 O-O 13. Ba3 Nbd7 14. Rfd1 Nd5 15. Qc1 Nb4 16. Ncd2 Bd5 17. e4 Bb7 18. a5 Ba6 19. Qc3 Rb8 20. Rdb1 c5 21. dxc5 Nd3 22. Rxb8 Qxb8 23. Rb1 Qc7 24. Bf1 Bxc5 25. Bxc5 Qxc5 26. Qd4 N7e5 27. Qxc5 Nxf3+ 28. Nxf3 Nxc5 29. Bxa6 Nxa6 30. Rb7 Ra8 31. Ng5 Nc5 32. Rc7 Na6 33. Re7 h6 34. Nxf7 Kf8 35. Rxe6 Nc5 36. Re5 Nxe4 37. Nxh6 Nxf2 38. Rf5+ Ke8 39. Rxf2 gxh6 40. Rf6 1-0

[Event "94th Paris-ch  2019"]
[Site "Paris"]
[Date "2019.07.08"]
[Round "3.11"]
[White "French, Max"]
[Black "Bergez, Luc"]
[Result "0-1"]
[ECO "E73"]
[WhiteElo "2232"]
[BlackElo "2308"]
[Annotator "NA"]
[PlyCount "64"]
[EventDate "2019.07.07"]
[EventType "swiss"]
[EventCountry "FRA"]
[SourceTitle "playchess.com"]
[Source "ChessBase"]
[SourceQuality "1"]
[TimeControl "5400+30"]

1. d4 Nf6 2. c4 g6 3. Nc3 Bg7 4. e4 O-O 5. Be2 d6 6. Be3 e5 7. d5 Na6 8. g4 Nc5 9. f3 a5 10. h4 h5 11. g5 Ne8 12. Qd2 Bd7 13. O-O-O Qc8 14. Bf1 Na4 15. Nxa4 Bxa4 16. Bh3 Qd8 17. b3 Bd7 18. c5 dxc5 19. Bxc5 Nd6 20. Kb2 a4 21. Qb4 Nb5 22. Bf1 Nd4 23. f4 axb3 24. axb3 Bg4 25. Rd3 b6 26. Bxd4 exd4 27. e5 Qxd5 28. Rh2 c5 29. Qe1 c4 30. bxc4 Qxc4 31. Ra3 d3 32. Bxd3 Qxf4 0-1

[Event "94th Paris-ch  2019"]
[Site "Paris"]
[Date "2019.07.08"]
[Round "3.12"]
[White "Dutreuil, Raphael"]
[Black "Lux, Hugo de Melo"]
[Result "1-0"]
[ECO "A48"]
[WhiteElo "2302"]
[BlackElo "2231"]
[Annotator "NA"]
[PlyCount "79"]
[EventDate "2019.07.07"]
[EventType "swiss"]
[EventCountry "FRA"]
[SourceTitle "playchess.com"]
[Source "ChessBase"]
[SourceQuality "1"]
[TimeControl "5400+30"]

1. b3 Nf6 2. Bb2 g6 3. Nf3 Bg7 4. e3 O-O 5. d4 d6 6. Be2 Nbd7 7. O-O e5 8. dxe5 Ng4 9. Qd2 Ndxe5 10. Nxe5 Nxe5 11. c4 Qh4 12. Nc3 Bg4 13. f3 Bd7 14. Rae1 Rae8 15. Nd5 c6 16. Nc3 g5 17. Ne4 Re6 18. g3 Qh6 19. Nf2 f5 20. f4 Nf7 21. Bxg7 Qxg7 22. Bd3 Re7 23. Re2 Rfe8 24. Rfe1 c5 25. Bb1 h5 26. e4 gxf4 27. Qxf4 Ng5 28. Re3 Bc6 29. h4 Nxe4 30. Bxe4 Bxe4 31. Qxd6 Re6 32. Qf4 Qg6 33. Nh3 Bc6 34. Ng5 Rxe3 35. Rxe3 Rd8 36. Ne6 Rd1+ 37. Kf2 Be4 38. Rxe4 fxe4 39. Qf8+ Kh7 40. Ng5+ 1-0

[Event "94th Paris-ch  2019"]
[Site "Paris"]
[Date "2019.07.08"]
[Round "3.13"]
[White "Albaric, Etienne"]
[Black "Le Goff, Ronan"]
[Result "1/2-1/2"]
[ECO "C56"]
[WhiteElo "2225"]
[BlackElo "2281"]
[Annotator "NA"]
[PlyCount "107"]
[EventDate "2019.07.07"]
[EventType "swiss"]
[EventCountry "FRA"]
[SourceTitle "playchess.com"]
[Source "ChessBase"]
[SourceQuality "1"]
[TimeControl "5400+30"]

1. e4 e5 2. Nf3 Nc6 3. Bc4 Nf6 4. d4 exd4 5. e5 d5 6. Bb5 Ne4 7. Nxd4 Bc5 8. Be3 O-O 9. Nxc6 bxc6 10. Bxc5 Nxc5 11. Bxc6 Rb8 12. Qxd5 Qe7 13. O-O Rxb2 14. Na3 Ne6 15. Nc4 Rb8 16. Rfb1 Rxb1+ 17. Rxb1 Rd8 18. Qa5 Nd4 19. Be4 Be6 20. Ne3 h5 21. Rb7 Bf5 22. Rxc7 Qg5 23. Bd5 Be6 24. Bxe6 fxe6 25. Qa6 Nf3+ 26. Kf1 Nxh2+ 27. Ke2 Qxe5 28. Rc8 Rxc8 29. Qxc8+ Kh7 30. Qd7 Ng4 31. Qd3+ Kh8 32. Qd8+ Kh7 33. Qd3+ Kh8 34. c3 Qf4 35. Nxg4 Qxg4+ 36. Kf1 e5 37. c4 Qf4 38. g3 Qg5 39. Qd5 h4 40. Qa8+ Kh7 41. Qe4+ Kg8 42. Qxh4 Qd2 43. Qe4 Qxa2 44. c5 Qe6 45. Qa8+ Kh7 46. Qxa7 Qd5 47. Kg1 Qd1+ 48. Kh2 Qc2 49. Kg1 Qd1+ 50. Kg2 Qd5+ 51. Kh2 Qd4 52. Kg2 Qd5+ 53. Kf1 Qd1+ 54. Kg2 1/2-1/2

[Event "94th Paris-ch  2019"]
[Site "Paris"]
[Date "2019.07.08"]
[Round "3.14"]
[White "Akshat, Khamparia"]
[Black "Gervasio, Ricardo"]
[Result "1-0"]
[ECO "D37"]
[WhiteElo "2398"]
[BlackElo "2223"]
[Annotator "NA"]
[PlyCount "61"]
[EventDate "2019.07.07"]
[EventType "swiss"]
[EventCountry "FRA"]
[SourceTitle "playchess.com"]
[Source "ChessBase"]
[SourceQuality "1"]
[TimeControl "5400+30"]

1. d4 d5 2. Nf3 Nf6 3. c4 e6 4. Nc3 Be7 5. Bf4 Nh5 6. Be5 f6 7. Bg3 f5 8. Be5 c6 9. e3 O-O 10. Bd3 Nd7 11. Qc2 Nhf6 12. cxd5 Nxd5 13. Nxd5 cxd5 14. Bc7 Qe8 15. O-O Qh5 16. Rac1 g5 17. Ne5 Nf6 18. Qb3 Ne8 19. Ba5 Rf6 20. Rxc8 Rxc8 21. Qxb7 Rh6 22. h3 Rc7 23. Bxc7 g4 24. Be2 Bf8 25. Bb8 Nf6 26. Rc1 Ne4 27. Rc8 Rf6 28. Nd7 Qg6 29. Nxf6+ Qxf6 30. Be5 Qh6 31. hxg4 1-0

[Event "94th Paris-ch  2019"]
[Site "Paris"]
[Date "2019.07.08"]
[Round "3.15"]
[White "O'Sullivan, Thomas"]
[Black "Anand Nadar"]
[Result "1/2-1/2"]
[ECO "E35"]
[WhiteElo "2291"]
[BlackElo "2358"]
[Annotator "NA"]
[PlyCount "73"]
[EventDate "2019.07.07"]
[EventType "swiss"]
[EventCountry "FRA"]
[SourceTitle "playchess.com"]
[Source "ChessBase"]
[SourceQuality "1"]
[TimeControl "5400+30"]

1. d4 Nf6 2. c4 e6 3. Nc3 Bb4 4. Qc2 d5 5. cxd5 exd5 6. Bg5 h6 7. Bh4 Nbd7 8. e3 c5 9. dxc5 Qa5 10. Nge2 g5 11. Bg3 Ne4 12. a3 Ndxc5 13. Rc1 Bxc3+ 14. Nxc3 Bf5 15. Be5 f6 16. Bd4 Ng3 17. Qd1 Nxh1 18. b4 Qxa3 19. Bxc5 Kf7 20. Nb5 Qb2 21. Nd6+ Kg6 22. Be2 b6 23. Nxf5 bxc5 24. bxc5 Nxf2 25. Kxf2 Kxf5 26. Qxd5+ Kg6 27. Rb1 Qxb1 28. Bd3+ Qxd3 29. Qxd3+ Kg7 30. Qd7+ Kg6 31. Qd3+ Kg7 32. Qd7+ Kg6 33. h4 gxh4 34. Qg4+ Kf7 35. Qd7+ Kg6 36. Qg4+ Kf7 37. Qd7+ 1/2-1/2

[Event "94th Paris-ch  2019"]
[Site "Paris"]
[Date "2019.07.08"]
[Round "3.16"]
[White "Stephan, Victor"]
[Black "Eden, James"]
[Result "1-0"]
[ECO "A11"]
[WhiteElo "2358"]
[BlackElo "2343"]
[Annotator "NA"]
[PlyCount "79"]
[EventDate "2019.07.07"]
[EventType "swiss"]
[EventCountry "FRA"]
[SourceTitle "playchess.com"]
[Source "ChessBase"]
[SourceQuality "1"]
[TimeControl "5400+30"]

1. Nf3 d5 2. c4 c6 3. g3 Nf6 4. Bg2 dxc4 5. Na3 e5 6. Qc2 Bxa3 7. bxa3 Qd5 8. Bb2 Nbd7 9. O-O e4 10. Nd4 O-O 11. f3 Qh5 12. fxe4 Re8 13. Rf5 Qg6 14. Raf1 Ne5 15. R5f4 Bg4 16. Nf3 Bxf3 17. Bxf3 Nfd7 18. Bg2 Qe6 19. Qc3 f6 20. Rh4 Nf8 21. Bh3 Qd6 22. Bf5 Rad8 23. Rd1 b5 24. Qe3 Re7 25. Kg2 Neg6 26. Rg4 Kf7 27. d4 h5 28. Rxg6 Nxg6 29. Qf3 Rh8 30. Rf1 c3 31. Bxc3 Qxa3 32. e5 Qxa2 33. Bb4 Qd5 34. Bxg6+ Kxg6 35. Qxd5 cxd5 36. Bxe7 fxe5 37. dxe5 a5 38. Bd6 Re8 39. Rb1 b4 40. Ra1 1-0

[Event "94th Paris-ch  2019"]
[Site "Paris"]
[Date "2019.07.08"]
[Round "3.18"]
[White "Tomasi, Albert"]
[Black "Jeet, Jain"]
[Result "1-0"]
[ECO "C78"]
[WhiteElo "2300"]
[BlackElo "2258"]
[Annotator "NA"]
[PlyCount "77"]
[EventDate "2019.07.07"]
[EventType "swiss"]
[EventCountry "FRA"]
[SourceTitle "playchess.com"]
[Source "ChessBase"]
[SourceQuality "1"]
[TimeControl "5400+30"]

1. e4 e5 2. Nf3 Nc6 3. Bb5 a6 4. Ba4 Nf6 5. O-O b5 6. Bb3 Bc5 7. c3 d6 8. a4 Rb8 9. d4 Bb6 10. Qd3 Bd7 11. Bg5 h6 12. Bh4 O-O 13. axb5 axb5 14. Na3 Qe7 15. Rfe1 Na5 16. Ba2 c5 17. dxe5 dxe5 18. Nxb5 Bd8 19. c4 g5 20. Bg3 Nc6 21. Bb1 Nh5 22. Nxe5 Nxe5 23. Bxe5 Qxe5 24. Qxd7 Nf4 25. Qf5 Qxb2 26. e5 Ng6 27. Ra6 Rb7 28. e6 Kh8 29. Rf1 Re7 30. Nd6 fxe6 31. Qxg6 Rf6 32. Qc2 Qb8 33. Ne4 Rf5 34. Qc3+ e5 35. Rxh6+ Kg7 36. Qh3 Ref7 37. Nd6 Rxf2 38. Rg6+ Kf8 39. Qh8+ 1-0

[Event "94th Paris-ch  2019"]
[Site "Paris"]
[Date "2019.07.08"]
[Round "3.19"]
[White "Ojas Kulkarni"]
[Black "Cotonnec, Melkior"]
[Result "1/2-1/2"]
[ECO "A36"]
[WhiteElo "2251"]
[BlackElo "2293"]
[Annotator "NA"]
[PlyCount "95"]
[EventDate "2019.07.07"]
[EventType "swiss"]
[EventCountry "FRA"]
[SourceTitle "playchess.com"]
[Source "ChessBase"]
[SourceQuality "1"]
[TimeControl "5400+30"]

1. c4 Nf6 2. g3 g6 3. Bg2 Bg7 4. Nc3 d6 5. e4 O-O 6. Nge2 c5 7. O-O Nc6 8. d3 Ne8 9. Be3 Nc7 10. d4 cxd4 11. Nxd4 Ne6 12. Nde2 a6 13. Qc2 Bd7 14. Nd5 Ned4 15. Nxd4 Bxd4 16. Qd2 Bxe3 17. Qxe3 Rb8 18. Rfd1 b6 19. Rac1 Be6 20. f4 f6 21. b4 Qe8 22. a3 Bxd5 23. exd5 Nd8 24. Re1 Rf7 25. c5 bxc5 26. bxc5 dxc5 27. d6 e6 28. Qxc5 Qb5 29. Red1 Qxc5+ 30. Rxc5 Rb6 31. Rc7 Kf8 32. Be4 Kg7 33. Bc2 Rxd6 34. Rxd6 Rxc7 35. Bd3 Nb7 36. Rxa6 Nc5 37. Rd6 Ra7 38. Bc4 Rxa3 39. Bxe6 Ra6 40. Rxa6 Nxa6 41. Bc4 Nc5 42. Kg2 g5 43. fxg5 fxg5 44. Be2 Nd7 45. h4 h6 46. hxg5 hxg5 47. Kf3 Ne5+ 48. Ke4 1/2-1/2

[Event "94th Paris-ch  2019"]
[Site "Paris"]
[Date "2019.07.08"]
[Round "3.20"]
[White "Manoeuvre, Antoine"]
[Black "Girel, Joseph"]
[Result "1-0"]
[ECO "E60"]
[WhiteElo "2325"]
[BlackElo "2215"]
[Annotator "NA"]
[PlyCount "49"]
[EventDate "2019.07.07"]
[EventType "swiss"]
[EventCountry "FRA"]
[SourceTitle "playchess.com"]
[Source "ChessBase"]
[SourceQuality "1"]
[TimeControl "5400+30"]

1. Nf3 Nf6 2. b3 g6 3. Bb2 Bg7 4. c4 d6 5. d4 O-O 6. g3 c5 7. Bg2 Nc6 8. Nc3 cxd4 9. Nxd4 Bd7 10. Nc2 Ne8 11. Qd2 Nc7 12. O-O b5 13. Ne3 bxc4 14. Nxc4 Rc8 15. Rac1 Ne5 16. Na5 Nb5 17. Nd5 Rxc1 18. Rxc1 e6 19. Ne3 d5 20. f4 d4 21. fxe5 dxe3 22. Qb4 Be8 23. a4 Nc7 24. Nb7 Qb8 25. Qd6 1-0

[Event "94th Paris-ch  2019"]
[Site "Paris"]
[Date "2019.07.08"]
[Round "3.21"]
[White "Lutard, Theo"]
[Black "Materia, Marco"]
[Result "0-1"]
[ECO "C55"]
[WhiteElo "2222"]
[BlackElo "2243"]
[Annotator "NA"]
[PlyCount "112"]
[EventDate "2019.07.07"]
[EventType "swiss"]
[EventCountry "FRA"]
[SourceTitle "playchess.com"]
[Source "ChessBase"]
[SourceQuality "1"]
[TimeControl "5400+30"]

1. e4 e5 2. Nf3 Nc6 3. Bc4 Nf6 4. d3 Be7 5. O-O O-O 6. Re1 d6 7. a4 Kh8 8. h3 Ng8 9. a5 a6 10. Nc3 f5 11. Nd5 Bf6 12. c3 Nce7 13. Nxf6 Nxf6 14. Ng5 Qe8 15. Qb3 h6 16. Ne6 Bxe6 17. Bxe6 fxe4 18. dxe4 Rb8 19. Ra4 Nh5 20. Bg4 Nf4 21. Bxf4 exf4 22. Rb4 Nc6 23. Rxb7 Nxa5 24. Rxb8 Nxb3 25. Rxe8 Rxe8 26. Bd1 Nc5 27. Bc2 a5 28. Ra1 a4 29. f3 Rb8 30. Ra2 Kg8 31. Kf1 Kf8 32. Ke1 Ke7 33. Kf2 Kf6 34. g3 Ke5 35. Kg2 c6 36. h4 g5 37. hxg5 hxg5 38. Kh3 g4+ 39. Kg2 Rg8 40. gxf4+ Kxf4 41. fxg4 Rxg4+ 42. Kf2 Rg8 43. Bxa4 Nxe4+ 44. Ke2 Nxc3+ 45. bxc3 Rg2+ 46. Kd3 Rxa2 47. Bxc6 Ke5 48. c4 Ra3+ 49. Kc2 Kd4 50. Bd5 Rc3+ 51. Kd2 Rxc4 52. Bxc4 Kxc4 53. Kc1 Kc3 54. Kd1 d5 55. Kc1 d4 56. Kd1 Kd3 0-1

[Event "94th Paris-ch  2019"]
[Site "Paris"]
[Date "2019.07.09"]
[Round "4.1"]
[White "Moussard, Jules"]
[Black "Abergel, Thal"]
[Result "1-0"]
[ECO "C77"]
[WhiteElo "2576"]
[BlackElo "2450"]
[Annotator "ChessBase"]
[PlyCount "93"]
[EventDate "2019.07.07"]
[EventType "swiss"]
[EventCountry "FRA"]
[SourceTitle "playchess.com"]
[Source "ChessBase"]
[SourceQuality "1"]
[TimeControl "5400+30"]

1. e4 e5 2. Nf3 Nc6 3. Bb5 a6 4. Ba4 Nf6 5. Bxc6 dxc6 6. d3 Qd6 7. Qe2 Nd7 8. Nbd2 Be7 9. Nc4 Qe6 10. d4 f6 11. dxe5 fxe5 12. b3 O-O 13. O-O a5 14. Bb2 Bf6 15. Rad1 b6 16. Qd2 Rf7 17. Rfe1 Ba6 18. Ne3 Nc5 19. Nf5 Nxe4 20. Nh6+ gxh6 21. Rxe4 Rd8 22. Qe1 Rxd1 23. Qxd1 Rd7 24. Qe1 Qd5 25. Bxe5 Bxe5 26. Rxe5 Qd1 27. Re8+ Kf7 28. Re7+ Kg8 29. Rxd7 Qxd7 30. Ne5 Qd6 31. h3 Bc8 32. Qe4 Qd5 33. Qf4 Be6 34. Qf6 Qd6 35. c4 a4 36. bxa4 c5 37. a3 h5 38. Kh2 h6 39. Qg6+ Kf8 40. Qxh6+ Ke7 41. f4 Qd2 42. Qg7+ Ke8 43. Ng6 Qd6 44. Qh8+ Kf7 45. Ne5+ Ke7 46. Qxh5 Qd4 47. Nc6+ 1-0

[Event "94th Paris-ch  2019"]
[Site "Paris"]
[Date "2019.07.09"]
[Round "4.2"]
[White "Shchekachev, Andrei"]
[Black "Samoun, Florent"]
[Result "1/2-1/2"]
[ECO "E06"]
[WhiteElo "2531"]
[BlackElo "2230"]
[Annotator "ChessBase"]
[PlyCount "125"]
[EventDate "2019.07.07"]
[EventType "swiss"]
[EventCountry "FRA"]
[SourceTitle "playchess.com"]
[Source "ChessBase"]
[SourceQuality "1"]
[TimeControl "5400+30"]

1. Nf3 e6 2. c4 Nf6 3. Nc3 d5 4. d4 c6 5. g3 Be7 6. Bg2 O-O 7. O-O b6 8. Ne5 Bb7 9. e4 Nbd7 10. Nxc6 Bxc6 11. exd5 exd5 12. cxd5 Bb7 13. d6 Bxg2 14. dxe7 Qxe7 15. Kxg2 Rfd8 16. Qf3 h6 17. a3 Nf8 18. Rd1 Rac8 19. Be3 Rd7 20. Rac1 Rcd8 21. h4 Nd5 22. Nxd5 Rxd5 23. Rc8 Qd7 24. Rdc1 Rxc8 25. Rxc8 Rxd4 26. Qa8 Qd5+ 27. Kh2 Qxa8 28. Rxa8 Rd7 29. a4 f6 30. a5 Kf7 31. axb6 axb6 32. Rb8 Rd5 33. Rxb6 g5 34. b4 Nd7 35. Rb7 Ke6 36. Kg2 gxh4 37. gxh4 h5 38. b5 Ne5 39. Ba7 Nd7 40. b6 Rb5 41. Rc7 Kd6 42. Rc8 Rb2 43. Rh8 Nxb6 44. Rxh5 Nd5 45. Kg3 Ke6 46. f3 Rc2 47. Rh7 Ne7 48. Rh8 Nf5+ 49. Kh3 Rc1 50. h5 Kf7 51. Rh7+ Kg8 52. Rb7 Rh1+ 53. Kg4 Nh6+ 54. Kf4 Rh4+ 55. Ke3 Rxh5 56. f4 Ra5 57. Bb8 Nf7 58. Ke4 Kg7 59. Bc7 Ra4+ 60. Kf5 Nh6+ 61. Ke6 Kg6 62. Rb1 Re4+ 63. Kd5 1/2-1/2

[Event "94th Paris-ch  2019"]
[Site "Paris"]
[Date "2019.07.09"]
[Round "4.4"]
[White "Guilleux, Fabien"]
[Black "Flom, Gabriel"]
[Result "0-1"]
[ECO "E92"]
[WhiteElo "2442"]
[BlackElo "2494"]
[Annotator "ChessBase"]
[PlyCount "84"]
[EventDate "2019.07.07"]
[EventType "swiss"]
[EventCountry "FRA"]
[SourceTitle "playchess.com"]
[Source "ChessBase"]
[SourceQuality "1"]
[TimeControl "5400+30"]

1. Nf3 Nf6 2. c4 g6 3. Nc3 Bg7 4. e4 d6 5. d4 O-O 6. h3 e5 7. d5 Na6 8. Bg5 c6 9. Be2 h6 10. Be3 Nc5 11. Nd2 a5 12. O-O Nfd7 13. Nb3 Nxb3 14. Qxb3 c5 15. Nb5 Ra6 16. Qc2 f5 17. exf5 gxf5 18. f4 e4 19. Kh2 Nf6 20. g3 Bd7 21. a4 h5 22. Rg1 Kf7 23. Rg2 Rh8 24. Rh1 Qe7 25. Kg1 Raa8 26. Kf1 Bxb5 27. axb5 a4 28. Kf2 a3 29. bxa3 Rxa3 30. Rd1 Nd7 31. Rd2 h4 32. g4 Rxe3 33. Kxe3 Bd4+ 34. Rxd4 cxd4+ 35. Kxd4 Ra8 36. Ke3 Ra3+ 37. Kf2 Qf6 38. Qd1 Qc3 39. gxf5 Ra1 40. Bh5+ Kf8 41. Qe2 Qd4+ 42. Qe3 Rf1+ 0-1

[Event "94th Paris-ch  2019"]
[Site "Paris"]
[Date "2019.07.09"]
[Round "4.5"]
[White "Bergez, Luc"]
[Black "Bharath Subramaniyam H"]
[Result "1-0"]
[ECO "B40"]
[WhiteElo "2308"]
[BlackElo "2405"]
[Annotator "NA"]
[PlyCount "59"]
[EventDate "2019.07.07"]
[EventType "swiss"]
[EventCountry "FRA"]
[SourceTitle "playchess.com"]
[Source "ChessBase"]
[SourceQuality "1"]
[TimeControl "5400+30"]

1. e4 c5 2. Nf3 e6 3. b3 b6 4. Bb2 Bb7 5. Nc3 d6 6. d4 cxd4 7. Nxd4 a6 8. Qe2 Nf6 9. O-O-O Nbd7 10. g4 g6 11. f4 Bg7 12. Bg2 e5 13. Nf5 gxf5 14. exf5 Bxg2 15. Qxg2 O-O 16. fxe5 Nxe5 17. g5 Nfg4 18. f6 Ne3 19. Qg3 Nxd1 20. fxg7 Re8 21. Rxd1 Re6 22. Ne4 Nd7 23. Nxd6 f6 24. g6 hxg6 25. Qh3 Rxd6 26. Rxd6 f5 27. Qh8+ Kf7 28. g8=Q+ Qxg8 29. Rxd7+ Ke6 30. Qd4 {[%emt 0:00:27] Kd5} 1-0

[Event "94th Paris-ch  2019"]
[Site "Paris"]
[Date "2019.07.09"]
[Round "4.6"]
[White "Chalmeta Ugas, Ramon"]
[Black "Philippe, Guillaume"]
[Result "1/2-1/2"]
[ECO "B43"]
[WhiteElo "2232"]
[BlackElo "2344"]
[Annotator "NA"]
[PlyCount "138"]
[EventDate "2019.07.07"]
[EventType "swiss"]
[EventCountry "FRA"]
[SourceTitle "playchess.com"]
[Source "ChessBase"]
[SourceQuality "1"]
[TimeControl "5400+30"]

1. e4 c5 2. Nf3 e6 3. d4 cxd4 4. Nxd4 a6 5. Bd3 Nf6 6. Nc3 Qc7 7. Qe2 d6 8. Be3 b5 9. O-O Bb7 10. a3 Nbd7 11. Rad1 Be7 12. f4 O-O 13. Kh1 Rfe8 14. Nf3 e5 15. fxe5 dxe5 16. Bg5 Nc5 17. Nh4 Ncd7 18. Nf5 Bd8 19. Rf2 Qc5 20. Rdf1 Re6 21. Qf3 Qf8 22. Qh3 Ne8 23. Bxd8 Rxd8 24. Nd5 Ndf6 25. Rf3 Bxd5 26. exd5 Rxd5 27. Ne3 Rd8 28. Bf5 Red6 29. c4 e4 30. Rg3 bxc4 31. Qh4 Rd4 32. Bxh7+ Nxh7 33. Rh3 f6 34. Qxh7+ Kf7 35. Rg3 Qc5 36. h3 Qe5 37. Nf5 R4d7 38. Nxg7 Nxg7 39. Rxg7+ Ke6 40. Rxd7 Rxd7 41. Qg8+ Ke7 42. Qxc4 a5 43. b4 axb4 44. Qxb4+ Kf7 45. a4 f5 46. Re1 Re7 47. a5 f4 48. a6 f3 49. gxf3 Qg3 50. Qc4+ Re6 51. Re2 Qxh3+ 52. Kg1 Qg3+ 53. Kf1 Qh3+ 54. Ke1 Qh1+ 55. Kd2 Qxf3 56. a7 e3+ 57. Kc2 Qf5+ 58. Kc3 Qa5+ 59. Kd3 Qa3+ 60. Kc2 Qxa7 61. Qf4+ Ke8 62. Rh2 Qc5+ 63. Kd3 Rd6+ 64. Ke2 Rd2+ 65. Kf3 Qd5+ 66. Kg3 Qg8+ 67. Kf3 Qd5+ 68. Kg3 Qg8+ 69. Kf3 Qd5+ 1/2-1/2

[Event "94th Paris-ch  2019"]
[Site "Paris"]
[Date "2019.07.09"]
[Round "4.7"]
[White "Bonte, Andrei-Mihai"]
[Black "Sanchez, Louis"]
[Result "1/2-1/2"]
[ECO "D37"]
[WhiteElo "2337"]
[BlackElo "2316"]
[Annotator "NA"]
[PlyCount "79"]
[EventDate "2019.07.07"]
[EventType "swiss"]
[EventCountry "FRA"]
[SourceTitle "playchess.com"]
[Source "ChessBase"]
[SourceQuality "1"]
[TimeControl "5400+30"]

1. Nf3 Nf6 2. c4 e6 3. d4 d5 4. Nc3 Be7 5. Bf4 O-O 6. e3 Nbd7 7. a3 c5 8. cxd5 Nxd5 9. Nxd5 exd5 10. dxc5 Nxc5 11. Be5 Bf6 12. Rc1 Ne4 13. Bxf6 Qxf6 14. Qd4 Bg4 15. Qxf6 Nxf6 16. Nd4 Rac8 17. Rxc8 Rxc8 18. f3 Bd7 19. Kd2 h5 20. Bd3 Kf8 21. h4 Ke7 22. Ke2 Rc5 23. Ra1 g6 24. Kd2 Rc8 25. Bc2 Kd6 26. Rd1 Rc5 27. b4 Rc8 28. Bb3 Ke7 29. Rf1 Rc7 30. Kd3 Rc8 31. Ra1 Rc7 32. a4 a5 33. bxa5 Rc5 34. Rb1 Rxa5 35. Bd1 Bxa4 36. Rxb7+ Kf8 37. Bxa4 Rxa4 38. Nc6 Ng8 39. Nb4 Nh6 40. Nxd5 1/2-1/2

[Event "94th Paris-ch  2019"]
[Site "Paris"]
[Date "2019.07.09"]
[Round "4.8"]
[White "Verstraeten, Rein"]
[Black "Dutreuil, Raphael"]
[Result "1/2-1/2"]
[ECO "B36"]
[WhiteElo "2376"]
[BlackElo "2302"]
[Annotator "NA"]
[PlyCount "65"]
[EventDate "2019.07.07"]
[EventType "swiss"]
[EventCountry "FRA"]
[SourceTitle "playchess.com"]
[Source "ChessBase"]
[SourceQuality "1"]
[TimeControl "5400+30"]

1. Nf3 c5 2. c4 g6 3. d4 cxd4 4. Nxd4 Nc6 5. e4 Nf6 6. Nc3 d6 7. Be2 Nxd4 8. Qxd4 Bg7 9. Bg5 O-O 10. Qd2 Qa5 11. Rc1 Be6 12. f3 Rfc8 13. b3 a6 14. Na4 Qxd2+ 15. Kxd2 Nd7 16. g4 f6 17. Be3 f5 18. exf5 gxf5 19. h3 Rf8 20. f4 Rad8 21. Bd3 d5 22. gxf5 Bxf5 23. cxd5 Bxd3 24. Kxd3 Nf6 25. Nb6 Nxd5 26. Nxd5 Rxd5+ 27. Ke4 Rd7 28. Rhg1 Kf7 29. Rc5 Rd6 30. f5 Rfd8 31. Rc7 Bd4 32. Re1 Bxe3 33. Rxe3 1/2-1/2